 Dungeon Crawl Stone Soup version 0.23.2-1-ga50397a6bc (webtiles) character file.

Game seed: 966037719849197123

507333 KleinerIrrer the Executioner (level 26, -9/201 HPs)
             Began as a Formicid Fighter on May 3, 2019.
             Was the Champion of Okawaru.
             Blown up by an eye of devastation (18 damage)
             ... with a bolt of energy
             ... summoned by Dissolution
             ... on level 1 of the Pits of Slime on May 4, 2019.
             The game lasted 05:04:47 (70484 turns).

KleinerIrrer the Executioner (Formicid Fighter)    Turns: 70484, Time: 05:04:48

Health: -9/201     AC: 36    Str: 23    XL:     26   Next: 70%
Magic:  22/34      EV: 12    Int: 26    God:    Okawaru [******]
Gold:   3849       SH:  0    Dex: 10    Spells: 40/40 levels left

rFire    + . .     SeeInvis +   Z - +7 war axe of the Poles {vamp, Str-3 Int+3 Dex+2}
rCold    + + .     Gourm    .   I - +2 large shield
rNeg     . . .     Faith    .   R - +9 gold dragon scales
rPois    +         Spirit   .   (helmet unavailable)
rElec    .         Reflect  +   C - +0 cloak {rPois}
rCorr    +         Harm     .   O - +1 pair of gloves
MR       ++...                  Q - +1 pair of boots
Stlth    ..........             a - +6 amulet of reflection
HPRegen  0.43/turn              S - ring of Qiczatez {rC+ EV+3 Str+3 Int+7}
MPRegen  0.24/turn              D - ring of resist corrosion

@: confused, heroism, corroded
A: permanent stasis, dig shafts and tunnels, four strong arms, antennae 3,
clumsy 1, weak 1
}: 2/15 runes: serpentine, barnacled
a: Dig, Shaft Self, Heroism, Finesse, Renounce Religion


You were on level 1 of the Pits of Slime.
You worshipped Okawaru.
Okawaru was exalted by your worship.
You were not hungry.

You visited 10 branches of the dungeon, and saw 46 of its levels.
You visited the Abyss 1 time.
You also visited: Ice Cave and Volcano.

You collected 5598 gold pieces.
You spent 1749 gold pieces at shops.

Inventory:

Hand Weapons
 T - the +0 executioner's axe of Inlutej {speed, rElec rN+}
   (You acquired it on level 3 of the Shoals)

   Attacks with this weapon are significantly faster.
   It insulates you from electricity.
   It protects you from negative energy.
 Z - the +7 war axe of the Poles (weapon) {vamp, Str-3 Int+3 Dex+2}
   (You took it off a deep elf knight on level 3 of the Elven Halls)

   It inflicts no extra harm, but heals its wielder when it wounds a living foe.
   It affects your strength (-3).
   It affects your intelligence (+3).
   It affects your dexterity (+2).
Missiles
 g - 1604 bolts
 t - 1577 stones (quivered)
Armour
 C - a +0 cloak of poison resistance (worn)
 I - a +2 large shield (worn)
 O - a +1 pair of gloves (worn)
 Q - a +1 pair of boots (worn)
 R - +9 gold dragon scales (worn)
Jewellery
 a - a +6 amulet of reflection (around neck)
 b - an uncursed ring of protection from cold
 z - the ring of Phasing {EV+8}
   (You took it off a hell knight on level 4 of the Depths)

   [ring of evasion]

   It affects your evasion (+8).
 A - an uncursed ring of protection from magic
 D - a ring of resist corrosion (right hand)
 E - the ring "Ketemul" {Wiz rF+}
   (You found it on level 3 of the Elven Halls)

   [ring of wizardry]

   It improves your spell success rate.
   It protects you from fire.
 J - an uncursed ring of positive energy
 S - the ring of Qiczatez (left hand) {rC+ EV+3 Str+3 Int+7}
   (You took it off a deep elf blademaster on level 2 of the Elven Halls)

   [ring of evasion]

   It affects your evasion (+3).
   It affects your strength (+3).
   It affects your intelligence (+7).
   It protects you from cold.
 V - an uncursed ring of protection from fire
Wands
 i - a wand of paralysis (57)
 k - a wand of iceblast (23)
 l - a wand of polymorph (38)
 y - a wand of disintegration (35)
 B - a wand of scattershot (5)
 H - a wand of acid (20)
 M - a wand of enslavement (11)
 P - a wand of digging (15)
 W - a wand of flame (53)
Scrolls
 c - 6 scrolls of fog
 d - 6 scrolls of magic mapping
 o - 3 scrolls of summoning
 q - 15 scrolls of remove curse
 r - 4 scrolls of fear
 u - 4 scrolls of holy word
 w - a scroll of silence
 x - a scroll of amnesia
 K - 2 scrolls of vulnerability
 X - a scroll of acquirement
 Y - 7 scrolls of immolation
Potions
 e - 4 potions of magic
 h - 4 potions of ambrosia
 j - 8 potions of flight
 m - 7 potions of brilliance
 p - 11 potions of curing
 v - 5 potions of heal wounds
 G - 5 potions of agility
 L - 2 potions of might
 N - 7 potions of cancellation
Miscellaneous
 s - 2 phantom mirrors
Comestibles
 f - 62 rations


   Skills:
 - Level 15.0(20.0) Fighting
 - Level 25.1(27) Axes
   Level 13.1(25.9) Maces & Flails
   Level 6.0(15.5) Staves
   Level 6.3(11.3) Crossbows
 + Level 22.2(27) Armour
 - Level 18.0(23.0) Shields
 * Level 7.9 Spellcasting
 - Level 10.0 Invocations


You had 40 spell levels left.
You didn't know any spells.
Your spell library contained the following spells:

 Spells                   Type           Power        Failure   Level  Hunger
 Animate Skeleton         Necr           N/A          43%         1    None
 Apportation              Tloc           ##....       43%         1    None
 Beastly Appendage        Tmut           ##....       43%         1    None
 Confusing Touch          Hex            ##....       43%         1    None
 Freeze                   Ice            ##..         43%         1    None
 Infusion                 Chrm           ##..         43%         1    None
 Magic Dart               Conj           ##..         43%         1    None
 Pain                     Necr           ##..         43%         1    None
 Shock                    Conj/Air       ##..         43%         1    None
 Summon Butterflies       Summ           ##......     43%         1    None
 Summon Small Mammal      Summ           ##..         43%         1    None
 Passwall                 Tmut/Erth      ##......     56%         2    None
 Shroud of Golubria       Chrm/Tloc      ##........   56%         2    None
 Song of Slaying          Chrm           ##......     56%         2    None
 Sticks to Snakes         Tmut           ##......     56%         2    None
 Sublimation of Blood     Necr           ##........   56%         2    None
 Swiftness                Chrm/Air       ##......     56%         2    None
 Throw Frost              Conj/Ice       ##....       56%         2    None
 Call Canine Familiar     Summ           ##......     80%         3    None
 Confuse                  Hex            ##......     80%         3    None
 Gell's Gravitas          Tloc           ##........   80%         3    None
 Ignite Poison            Fire/Tmut/Pois ##......     80%         3    None
 Inner Flame              Hex/Fire       ##......     80%         3    None
 Lesser Beckoning         Tloc           ##........   80%         3    None
 Ozocubu's Armour         Chrm/Ice       ##......     80%         3    None
 Recall                   Summ/Tloc      N/A          80%         3    None
 Regeneration             Chrm/Necr      ##........   80%         3    None
 Spectral Weapon          Hex/Chrm       ##......     80%         3    None
 Spider Form              Tmut/Pois      ##........   80%         3    None
 Static Discharge         Conj/Air       ##......     80%         3    None
 Tukima's Dance           Hex            ##......     80%         3    None
 Vampiric Draining        Necr           ##........   80%         3    None
 Animate Dead             Necr           N/A          99%         4    ##.....
 Ice Form                 Ice/Tmut       ##......     99%         4    ##.....
 Passage of Golubria      Tloc           N/A          99%         4    ##.....
 Petrify                  Tmut/Erth      ##......     99%         4    ##.....
 Summon Ice Beast         Ice/Summ       ##......     99%         4    ##.....
 Summon Lightning Spire   Summ/Air       ##......     99%         4    ##.....
 Throw Icicle             Conj/Ice       ##......     99%         4    ##.....
 Alistair's Intoxication  Tmut/Pois      ##......     100%        5    ####...
 Blade Hands              Tmut           ##........   100%        5    ####...
 Bolt of Magma            Conj/Fire/Erth ##........   100%        5    ####...
 Irradiate                Conj/Tmut      ##........   100%        5    ####...
 Iskenderun's Battlesphe  Conj/Chrm      ##......     100%        5    ####...
 Lee's Rapid Deconstruct  Erth           ##........   100%        5    ####...
 Lightning Bolt           Conj/Air       ##........   100%        5    ####...
 Metabolic Englaciation   Hex/Ice        ##........   100%        5    ####...
 Summon Demon             Summ           ##........   100%        5    ####...
 Summon Mana Viper        Hex/Summ       ##......     100%        5    ####...
 Venom Bolt               Conj/Pois      ##........   100%        5    ####...
 Yara's Violent Unravell  Hex/Tmut       ##........   100%        5    ####...
 Bolt of Cold             Conj/Ice       ##........   100%        6    ######.
 Conjure Ball Lightning   Conj/Air       ##........   100%        6    ######.
 Darkness                 Hex            ##........   100%        6    ######.
 Freezing Cloud           Conj/Ice/Air   ##........   100%        6    ######.
 Invisibility             Hex            ##......     100%        6    ######.
 Iron Shot                Conj/Erth      ##........   100%        6    ######.
 Ozocubu's Refrigeration  Ice            ##........   100%        6    ######.
 Simulacrum               Ice/Necr       ##........   100%        6    ######.
 Orb of Destruction       Conj           ##........   100%        7    #######
 Spellforged Servitor     Conj/Summ      ##........   100%        7    #######
 Ignition                 Fire           ##........   100%        8    #######


Dungeon Overview and Level Annotations

Branches:
Dungeon (15/15)            Temple (1/1) D:7            Lair (6/6) D:8
 Shoals (4/4) Lair:4        Snake (4/4) Lair:3        Slime (2/5) Lair:6
    Orc (2/2) D:9             Elf (3/3) Orc:2        Vaults (4/5) D:14
 Depths (5/5) D:15            Zot (0/5) Depths:5
  Crypt: Vaults:2-3

Altars:
Dithmenos
Elyvilon
Fedhas
Gozag
Hepliaklqana
Makhleb
Nemelex Xobeh
Okawaru
Qazlal
Sif Muna
Trog
Uskayaw
Vehumet
Wu Jian
Yredelemnul
Zin
Beogh
Jiyva

Shops:
Orc:2 (([[   Elf:1 %   Vaults:3 }   Depths:1 *   Depths:5 (

Portals:
Hell: Depths:1 Depths:2 Depths:3 Depths:4 Depths:5
Abyss: Depths:2 Depths:4
Pandemonium: Depths:3
Ziggurat: Depths:5

Annotations:
Lair:5 exclusion: 4 oklob plants
Slime:1 Dissolution
Depths:3 2 transporters, exclusion: obsidian statue
Abyss:1 Agnes, Margery, Nessos, Saint Roka, Sojobo


Innate Abilities, Weirdness & Mutations

You cannot be hasted, slowed, berserked, paralysed or teleported.
You can dig through walls and to a lower floor.
Your four strong arms can wield two-handed weapons with a shield.
You have a pair of large antennae on your head. (SInv)
You are clumsy. (Dex -2)
You are weak. (Str -2)


Message History

The azure jelly closely misses you. The azure jelly barely misses you.
The azure jelly hits you.
* * * LOW HITPOINT WARNING * * *
Okay, then.
You slash Dissolution!
Your hands burn!
* * * LOW HITPOINT WARNING * * *
Dissolution is moderately wounded.
You slash the floating eye!
You completely miss the great orb of eyes.
You slash the golden eye!
You kill the golden eye!
You slice the azure jelly!!
You feel better.
You hit the eye of devastation but do no damage.
The great orb of eyes bites you!
* * * LOW HITPOINT WARNING * * *
The floating eye gazes piercingly through you!
Your stasis prevents you from being paralysed.
The eye of devastation gazes at you. The bolt of energy hits you!!
You die...

.#.#..............#..
##....................
####...................#.
.#.#....................##
.........................#
.#..............>........#
#.#.#...............#.....
........J.................
#.....#JG@.........##.....
#.. #..JGG.......## .....
# #.#..J........# ..##
#..........#..## ###
#...............#
#...##.#........... ##..
##............. #.
##............ #
###.##.#...


You could see Dissolution, an azure jelly, a great orb of eyes, 2 slime
creatures, an eye of devastation and a floating eye.

Vanquished Creatures
  Mennas (Vaults:1)
  An ancient lich (Abyss:2)
  A juggernaut (Depths:4)
  2 caustic shrikes
  5 golden dragons
  2 bone dragons (Depths:5)
  3 tentacled monstrosities
  Jorgrun (Shoals:3)
  4 liches
  A quicksilver dragon (Depths:4)
  3 acid blobs (Slime:1)
  2 deep elf blademasters
  5 sphinxes
  Frances (D:12)
  A tentacled starspawn (Abyss:2)
  Polyphemus (Shoals:2)
  A shadow dragon (Depths:4)
  A draconian monk (Depths:5)
  4 nagarajas
  2 tengu reavers
  A storm dragon (Depths:5)
  4 azure jellies (Slime:1)
  A revenant (Vaults:3)
  Roxanne (Shoals:3)
  10 frost giants
  4 deep elf sorcerers
  A draconian scorcher (Depths:5)
  5 fire giants
  10 vault wardens
  A juggernaut zombie (D:15)
  4 deep elf elementalists
  9 ironheart preservers
  An entropy weaver (Vaults:4)
  A draconian shifter (Depths:5)
  13 very ugly things
  3 spriggan defenders
  A war gargoyle (Vaults:3)
  11 stone giants
  A green draconian (Depths:5)
  7 deep elf demonologists (Elf:3)
  A white draconian (Depths:5)
  3 spark wasps (Depths:4)
  5 deep elf annihilators (Elf:3)
  A purple draconian (Depths:5)
  A red draconian (Depths:5)
  A merfolk javelineer (Shoals:1)
  6 deep elf death magi
  7 ettins
  10 fire dragons
  4 merfolk impalers
  2 jiangshi (Depths:5)
  6 vault guards
  9 yaktaur captains
  14 ice dragons
  6 rakshasas
  Harold (D:9)
  10 great orbs of eyes
  13 hydras
  A merfolk avatar (Shoals:4)
  5 catoblepae
  3 spriggan air magi
  17 naga warriors
  7 anacondas
  21 two-headed ogres
  14 centaur warriors
  4 tengu warriors
  2 merfolk aquamancers
  A satyr (Shoals:4)
  4 death knights
  8 ogre magi
  3 vampire magi
  13 death yaks
  13 deep troll shamans
  7 deep troll earth magi
  17 dancing weapons
  An orc high priest (Orc:2)
  A small abomination (Elf:3)
  2 thrashing horrors (Abyss:2)
  A spriggan berserker (Depths:4)
  3 shock serpents
  Urug (D:13)
  A sun demon (Abyss:2)
  10 naga sharpshooters
  17 deep elf knights
  3 shadow wraiths
  8 hell knights
  8 iron trolls
  A spark wasp zombie (Depths:3)
  14 sea snakes
  7 skeletal warriors
  21 deep trolls
  4 salamander mystics
  6 flayed ghosts
  5 naga ritualists (Snake:4)
  2 glowing orange brains
  6 ironbrand convokers
  3 unseen horrors
  13 deep elf archers
  5 wizards
  2 phantasmal warriors
  A harpy (shapeshifter) (Vaults:3)
  A golden dragon zombie (Depths:3)
  Pikel (D:7)
  A wolf spider zombie (D:15)
  29 harpies
  8 necromancers
  3 lindwurms (D:14)
  44 deep elf magi
  12 orc knights
  A shining eye (Slime:1)
  4 wolf spiders
  3 orc sorcerers
  38 ugly things
  7 mana vipers
  22 fauns
  A sphinx zombie (D:15)
  7 cyclopes
  2 stone giant zombies
  A moth of wrath (shapeshifter) (Vaults:1)
  7 elephants
  A shadow dragon skeleton (Depths:3)
  16 manticores
  An apocalypse crab (Abyss:2)
  6 guardian serpents
  21 salamanders
  33 black mambas
  8 merfolk sirens
  23 naga magi
  A black mamba (shapeshifter) (D:14)
  2 gargoyles
  2 molten gargoyles (Volcano)
  2 water nymphs
  6 spiny frogs
  A spiny frog (shapeshifter) (Depths:2)
  11 vault sentinels
  Psyche (D:9)
  The ghost of Gabide the Poker, a novice GnWn of Fedhas (D:5)
  2 centaur skeletons
  27 yaktaurs
  2 rime drakes
  2 smoke demons
  A yaktaur (shapeshifter) (Elf:3)
  12 freezing wraiths
  A kobold demonologist (D:14)
  2 yaktaur zombies
  4 komodo dragons
  A hellwing (Depths:5)
  A jumping spider (shapeshifter) (Depths:4)
  An ancient zyme (Abyss:2)
  A yaktaur skeleton (D:15)
  4 tengu conjurers
  A queen bee (Lair:5)
  A troll (shapeshifter) (Vaults:2)
  31 merfolk
  A red devil (Depths:5)
  6 trolls
  8 meliai
  4 polar bears
  A wolf spider simulacrum (IceCv)
  6 wind drakes
  19 blink frogs
  7 hornets
  49 slime creatures
  3 snapping turtles
  A hippogriff (shapeshifter) (Vaults:4)
  9 hippogriffs
  5 spriggans
  27 yaks
  8 water elementals
  A wraith (D:15)
  An air elemental (Elf:1)
  2 wyverns (Lair:5)
  A yak (shapeshifter) (Vaults:2)
  A fire bat (Volcano)
  3 basilisks
  2 golden eyes (shapeshifter)
  3 fire elementals
  2 hungry ghosts
  A death yak simulacrum (IceCv)
  A steam dragon (D:11)
  6 wargs
  A chaos spawn (Abyss:2)
  41 nagas
  2 large abominations (Abyss:2)
  5 hell hounds
  A soldier ant (D:10)
  13 water moccasins
  A floating eye (Depths:4)
  5 porcupines
  A hornet zombie (D:10)
  45 orc warriors
  4 phantoms
  7 ice beasts
  3 sky beasts
  2 slaves (D:7)
  2 black bears
  9 boggarts
  A necrophage (D:12)
  14 centaurs
  15 ogres
  22 wolves
  An elf skeleton (Vaults:3)
  2 human zombies (Vaults:1)
  10 crocodiles
  An earth elemental (Elf:1)
  14 bullfrogs
  A wyvern zombie (D:9)
  A deep troll simulacrum (Vaults:3)
  A wyvern skeleton (D:12)
  An elephant simulacrum (IceCv)
  A swamp dragon simulacrum (IceCv)
  A troll zombie (D:9)
  57 killer bees
  5 wights (D:13)
  11 electric eels
  3 howler monkeys
  A bullfrog zombie (D:12)
  9 lava snakes
  3 crimson imps
  3 centaur zombies
  2 draconian simulacra (IceCv)
  A human simulacrum (Vaults:3)
  22 orc priests
  7 hounds
  5 jellies
  32 orc wizards
  2 bullfrog skeletons
  2 iron imps
  2 iguanas
  A spriggan simulacrum (IceCv)
  11 worker ants
  6 troll simulacra (IceCv)
  6 ogre zombies (D:9)
  6 centaur simulacra (IceCv)
  A hound zombie (D:6)
  A hound skeleton (D:9)
  15 adders
  A howler monkey zombie (D:7)
  3 naga simulacra (IceCv)
  2 ogre simulacra (IceCv)
  4 shadow imps
  25 white imps
  An ufetubus (Depths:3)
  An adder zombie (D:3)
  5 worms
  3 dart slugs
  6 leopard geckos
  135 orcs
  4 giant cockroaches
  8 goblins
  6 hobgoblins
  18 jackals
  5 kobolds
  3 quokkas
  3 ball pythons
  5 bats
  9 frilled lizards
  A goblin skeleton (D:9)
  2 goblin zombies (D:9)
  2 hobgoblin skeletons (D:9)
  3 hobgoblin zombies (D:9)
  A leopard gecko skeleton (D:5)
  A leopard gecko zombie (D:8)
  4 orc skeletons (D:9)
  11 orc zombies (D:9)
  A quokka zombie (D:9)
  8 rats
  A bush (Lair:3)
  13 plants
  A starspawn tentacle (Abyss:2)
1855 creatures vanquished.

Vanquished Creatures (others)
  A juggernaut (Depths:2)
  2 deep elf master archers (Elf:3)
  A sphinx (Depths:2)
  A tengu reaver (Depths:1)
  2 nagarajas (Snake:4)
  A deep elf sorcerer (Elf:1)
  A fire giant (Vaults:3)
  Aizul (Snake:1)
  2 stone giants
  2 very ugly things
  A deep elf annihilator (Depths:4)
  2 spark wasps
  A deep elf death mage (Elf:3)
  3 merfolk javelineers (Shoals:4)
  4 yaktaur captains
  5 naga warriors
  A vault guard (D:14)
  An ice dragon (Depths:4)
  4 hydras
  A spriggan air mage (Depths:3)
  4 two-headed ogres
  2 catoblepae (Lair:6)
  A dancing weapon (Elf:1)
  An anaconda (Snake:2)
  A deep troll earth mage (Depths:1)
  6 satyrs
  A centaur warrior (D:15)
  2 death yaks
  A tengu warrior (Depths:1)
  2 naga sharpshooters (Snake:4)
  An orc high priest (Orc:2)
  A vampire mage (Depths:3)
  A shock serpent (Snake:4)
  A spriggan berserker (Depths:3)
  2 deep elf knights (Elf:2)
  An iron troll (Depths:2)
  A skeletal warrior (D:15)
  4 deep trolls
  9 deep elf archers
  2 naga ritualists
  A wizard (Depths:1)
  A lindwurm (D:14)
  10 ugly things
  A mana viper (Snake:2)
  3 deep elf magi
  A necromancer (IceCv)
  A faun (Shoals:4)
  4 manticores
  7 salamanders
  2 elephants
  A guardian serpent (Snake:4)
  5 black mambas
  An ice statue (IceCv)
  4 naga magi (Snake:4)
  2 spiny frogs
  A komodo dragon (D:13)
  2 freezing wraiths (IceCv)
  13 yaktaurs
  A hornet (D:8)
  A slime creature (D:15)
  3 hippogriffs
  A snapping turtle (Lair:4)
  A yak (D:8)
  A basilisk (D:8)
  A fire elemental (Elf:1)
  A soldier ant (D:8)
  A water moccasin (D:11)
  5 nagas
  A phantom (D:9)
  6 orc warriors
  2 ogres
  An eye of draining (D:9)
  A wolf (Lair:3)
  6 centaurs
  An earth elemental (Elf:3)
  3 scorpions
  A killer bee (Lair:5)
  A crimson imp (D:11)
  2 orc priests
  A bullfrog zombie (D:13)
  An orc wizard (Orc:2)
  A centaur skeleton (D:12)
  An ogre zombie (D:9)
  A worker ant zombie (D:6)
  An adder (D:7)
  An orc (D:10)
  An orc skeleton (D:9)
  An orc zombie (D:9)
  2 bushes
  7 fungi
  33 plants
  3 starspawn tentacles (Abyss:2)
  2 withered plants (D:15)
238 creatures vanquished.

Grand Total: 2093 creatures vanquished

Notes
Turn   | Place    | Note
-------+----------+-------------------------------------------
     0 | D:1      | KleinerIrrer the Formicid Fighter began the quest for the
                  | Orb.
     0 | D:1      | Reached XP level 1. HP: 18/18 MP: 1/1
   296 | D:1      | Reached XP level 2. HP: 19/24 MP: 2/2
   576 | D:1      | Reached XP level 3. HP: 29/29 MP: 3/3
   860 | D:2      | Reached skill level 3 in Axes
   866 | D:2      | Reached XP level 4. HP: 23/35 MP: 4/4
  1068 | D:2      | Found a deep blue altar of Sif Muna.
  1361 | D:2      | Reached XP level 5. HP: 42/42 MP: 5/5
  1576 | D:3      | Reached skill level 4 in Axes
  2132 | D:3      | Found a burning altar of Makhleb.
  2379 | D:3      | Reached XP level 6. HP: 45/48 MP: 6/6
  3147 | D:4      | Reached XP level 7. HP: 54/54 MP: 7/7
  3256 | D:4      | Reached skill level 5 in Axes
  3525 | D:5      | Entered Level 5 of the Dungeon
  3550 | D:5      | Reached skill level 5 in Armour
  3855 | D:5      | Found a sparkling altar of Nemelex Xobeh.
  3867 | D:5      | Got a smoking flail
  3868 | D:5      | Identified the +10 flail of the Valley {distort, +Inv Dex+2
                  | SInv} (You found it on level 5 of the Dungeon)
  3887 | D:5      | Reached skill level 5 in Shields
  4027 | D:5      | Reached skill level 6 in Axes
  4204 | D:5      | Found a runed translucent door.
  4209 | D:5      | Noticed Gabide's ghost (novice GnWn)
  4375 | D:5      | Killed Gabide's ghost
  4375 | D:5      | Reached XP level 8. HP: 61/61 MP: 8/8
  4440 | D:6      | Reached skill level 7 in Axes
  5218 | D:7      | Reached XP level 9. HP: 65/67 MP: 9/9
  5225 | D:7      | Reached skill level 5 in Fighting
  5233 | D:7      | Noticed a hippogriff
  5239 | D:7      | Killed a hippogriff
  5239 | D:7      | Reached skill level 8 in Axes
  5416 | D:7      | Found a stormy altar of Qazlal.
  5439 | D:7      | Got a steaming long sword
  5440 | D:7      | Identified the +7 long sword "Leufys" {pain, Fragile rElec
                  | rC+ Dex+3} (You found it on level 7 of the Dungeon)
  5454 | D:7      | Noticed Pikel
  5464 | D:7      | Killed Pikel
  5647 | D:7      | Found a faded altar of an unknown god.
  5647 | D:7      | Found a staircase to the Ecumenical Temple.
  5657 | Temple   | Entered the Ecumenical Temple
  5663 | Temple   | Became a worshipper of Warmaster Okawaru
  5786 | D:8      | Reached skill level 1 in Maces & Flails
  5967 | D:8      | Found a staircase to the Lair.
  5967 | D:8      | Noticed a hippogriff
  6088 | D:8      | Killed a hippogriff
  6088 | D:8      | Reached XP level 10. HP: 76/76 MP: 10/10
  6344 | D:8      | Found an ornate altar of the Wu Jian Council.
  6374 | D:8      | Reached * piety under Okawaru
  6420 | D:8      | Reached skill level 5 in Maces & Flails
  6937 | D:9      | Found a staircase to the Orcish Mines.
  7812 | D:9      | Reached ** piety under Okawaru
  7875 | D:9      | Noticed Harold
  7889 | D:9      | Killed Harold
  7889 | D:9      | Reached skill level 1 in Invocations
  7889 | D:9      | Reached XP level 11. HP: 76/83 MP: 10/12
  7997 | D:9      | Noticed Psyche
  8011 | D:9      | Killed Psyche
  8011 | D:9      | Reached *** piety under Okawaru
  8391 | Orc:1    | Entered Level 1 of the Orcish Mines
  8466 | Orc:1    | Noticed an orc sorcerer
  8491 | Orc:1    | Killed an orc sorcerer
  8841 | Orc:1    | You fall through a shaft!
  8841 | Orc:2    | Entered Level 2 of the Orcish Mines
  8890 | Orc:2    | Noticed an orc knight
  8924 | Orc:2    | Found a staircase to the Elven Halls.
  8964 | Orc:2    | Found a dark tunnel.
  8973 | Volcano  | Entered a volcano
  9379 | Volcano  | Reached **** piety under Okawaru
  9578 | Volcano  | Found a burning altar of Makhleb.
  9578 | Volcano  | Noticed a two-headed ogre
  9578 | Volcano  | Noticed an ogre mage
  9578 | Volcano  | Noticed a two-headed ogre
  9578 | Volcano  | Noticed a two-headed ogre
  9582 | Volcano  | Killed a two-headed ogre
  9587 | Volcano  | Killed a two-headed ogre
  9589 | Volcano  | Banished a two-headed ogre
  9589 | Volcano  | Reached skill level 10 in Maces & Flails
  9591 | Volcano  | Killed an ogre mage
  9597 | Volcano  | Noticed a two-headed ogre
  9601 | Volcano  | Killed a two-headed ogre
  9601 | Volcano  | Reached skill level 10 in Armour
  9601 | Volcano  | Reached XP level 12. HP: 80/91 MP: 15/15
  9606 | Volcano  | Noticed a hell knight
  9674 | Volcano  | Reached ***** piety under Okawaru
 10042 | Orc:2    | Found a roughly hewn altar of Beogh.
 10108 | Orc:2    | Noticed an ettin
 10115 | Orc:2    | Killed an ettin
 10162 | Orc:2    | Noticed an orc high priest
 10163 | Orc:2    | Noticed a soul eater
 10174 | Orc:2    | Banished an orc high priest
 10219 | Orc:2    | Found a roughly hewn altar of Beogh.
 10220 | Orc:2    | Found Nuuptunk's Antique Weapon Shop.
 10354 | Orc:2    | Found a roughly hewn altar of Beogh.
 10551 | Orc:2    | Found Vydidibb's Armour Shop.
 10681 | Orc:2    | Found a roughly hewn altar of Beogh.
 10780 | Orc:2    | Found a roughly hewn altar of Beogh.
 11013 | Orc:2    | Received a gift from Okawaru
 11199 | Orc:2    | Found a roughly hewn altar of Beogh.
 11360 | Orc:2    | Bought a +0 pair of boots for 63 gold pieces
 11575 | Orc:2    | Found a roughly hewn altar of Beogh.
 11699 | Orc:2    | Noticed an orc high priest
 11797 | Orc:2    | Noticed Saint Roka
 12010 | Orc:2    | Noticed a sun demon
 12419 | Orc:1    | Found a bloodstained altar of Trog.
 12507 | Orc:2    | Killed an orc high priest
 12552 | Orc:2    | Bought +0 gold dragon scales for 1120 gold pieces
 12634 | D:10     | Entered Level 10 of the Dungeon
 13833 | D:10     | Noticed a two-headed ogre
 13842 | D:10     | Banished a two-headed ogre
 14337 | D:11     | Reached XP level 13. HP: 98/98 MP: 16/16
 14768 | D:11     | Reached skill level 5 in Invocations
 14893 | D:11     | Got a steaming chain mail
 14954 | D:11     | Identified the +5 chain mail "Vuibrowk" {+Blink MR+} (You
                  | found it on level 11 of the Dungeon)
 15599 | D:12     | Noticed Frances
 15747 | D:12     | Killed Frances
 15747 | D:12     | Received a gift from Okawaru
 15747 | D:12     | Reached skill level 1 in Crossbows
 15935 | D:13     | Noticed a centaur warrior
 15952 | D:13     | Killed a centaur warrior
 15952 | D:13     | Reached ****** piety under Okawaru
 15986 | D:13     | Noticed Urug
 15993 | D:13     | Killed Urug
 15997 | D:13     | Noticed a centaur warrior
 16002 | D:13     | Killed a centaur warrior
 16344 | D:13     | Noticed a seven-headed hydra
 16355 | D:13     | Killed a seven-headed hydra
 16355 | D:13     | Reached skill level 10 in Shields
 16392 | D:13     | Noticed Nessos
 16602 | D:13     | Reached XP level 14. HP: 96/108 MP: 19/19
 17339 | D:13     | Banished Nessos
 18120 | D:14     | Found a gate to the Vaults.
 18318 | D:14     | Reached skill level 10 in Fighting
 18409 | D:14     | Got a transparent hand axe
 18420 | D:14     | Got a heavily runed emerald amulet
 18504 | D:14     | Received a gift from Okawaru
 18635 | Lair:1   | Entered Level 1 of the Lair of Beasts
 19646 | Lair:2   | Found the amulet of Vitality {Regen+ HP+15}
 20029 | Lair:2   | Identified the amulet of Yskox {Harm *Drain Dex+6 SInv}
                  | (You found it on level 14 of the Dungeon)
 20061 | Lair:3   | Found a frozen archway.
 20100 | IceCv    | Entered an ice cave
 20650 | IceCv    | Found an ancient bone altar of Kikubaaqudgha.
 20988 | Lair:3   | Found a staircase to the Snake Pit.
 22082 | Lair:3   | Reached XP level 15. HP: 103/117 MP: 21/21
 22659 | Lair:4   | Received a gift from Okawaru
 22809 | Lair:4   | Found a staircase to the Shoals.
 23094 | Lair:4   | Got a bloodstained great sword
 25022 | Lair:6   | Entered Level 6 of the Lair of Beasts
 25038 | Lair:6   | Reached skill level 10 in Invocations
 25075 | Lair:6   | Found a viscous altar of Jiyva.
 25076 | Lair:6   | Found a staircase to the Slime Pits.
 25828 | Lair:6   | Received a gift from Okawaru
 25951 | Lair:6   | Reached XP level 16. HP: 127/127 MP: 23/23
 25991 | Lair:6   | Reached skill level 15 in Armour
 26823 | D:15     | Entered Level 15 of the Dungeon
 27577 | D:15     | Found a staircase to the Depths.
 27598 | D:15     | Received a gift from Okawaru
 28788 | Orc:2    | Reached skill level 15 in Shields
 28900 | Orc:2    | Banished Saint Roka
 28923 | Orc:2    | Found Niwolyf's Antique Armour Boutique.
 28924 | Orc:2    | Found a roughly hewn altar of Beogh.
 28925 | Orc:2    | Found Raficsai's Antique Weapon Shop.
 28938 | Orc:2    | Bought a cloak for 117 gold pieces
 29096 | Elf:1    | Entered Level 1 of the Elven Halls
 29096 | Elf:1    | Noticed Agnes
 29101 | Elf:1    | Banished Agnes
 29425 | Elf:1    | Received a gift from Okawaru
 30119 | Snake:1  | Entered Level 1 of the Snake Pit
 30670 | Snake:1  | Identified the +1 great sword of Peqyit {drain, +Rage} (You
                  | found it on level 4 of the Lair of Beasts)
 30874 | Snake:1  | Reached XP level 17. HP: 134/135 MP: 24/24
 30993 | Snake:1  | Identified the +10 short sword of an ossuary {drain, -Tele
                  | Str+5 Int-5 Dex+10}
 30999 | Snake:1  | Received a gift from Okawaru
 31978 | Snake:1  | Noticed Aizul
 32002 | Snake:1  | Killed Aizul
 32982 | Snake:2  | Received a gift from Okawaru
 32984 | Snake:2  | Got a transparent hand axe {god gift}
 34964 | Snake:3  | Found a blossoming altar of Fedhas.
 35154 | Snake:3  | Reached XP level 18. HP: 140/145 MP: 25/25
 35477 | Snake:4  | Entered Level 4 of the Snake Pit
 35974 | Snake:4  | Received a gift from Okawaru
 36009 | Snake:4  | Got a brightly glowing ring mail {god gift}
 38917 | Snake:4  | Received a gift from Okawaru
 39259 | Snake:4  | Reached XP level 19. HP: 147/154 MP: 26/26
 39308 | Snake:4  | Got a serpentine rune of Zot
 39885 | Depths:1 | Entered Level 1 of the Depths
 39885 | Depths:1 | Found an iron altar of Okawaru.
 39907 | Depths:1 | Reached skill level 9 in Axes
 39918 | Depths:1 | Found Gerooxta's Changing Room.
 40191 | Depths:1 | Reached skill level 15 in Fighting
 40278 | Depths:1 | Bought 2 potions of mutation for 176 gold pieces
 40278 | Depths:1 | Bought a potion of lignification for 33 gold pieces
 40668 | Depths:1 | Noticed a lich
 40678 | Depths:1 | Killed a lich
 40755 | Depths:1 | Noticed Sojobo
 40770 | Depths:1 | Banished Sojobo
 40935 | Depths:1 | Reached skill level 10 in Axes
 41016 | Depths:1 | Found a gateway to Hell.
 41786 | Depths:2 | Received a gift from Okawaru
 41794 | Depths:2 | Noticed a juggernaut
 41870 | Depths:2 | Reached skill level 11 in Axes
 42178 | Depths:2 | Banished a juggernaut
 42188 | Depths:2 | Noticed a lich
 42192 | Depths:2 | Killed a lich
 42360 | Depths:2 | Received a gift from Okawaru
 42363 | Depths:2 | Got an iridescent hand axe {god gift}
 42644 | Depths:2 | Reached skill level 12 in Axes
 42644 | Depths:2 | Reached XP level 20. HP: 162/162 MP: 27/27
 42942 | Depths:2 | Reached skill level 13 in Axes
 43509 | Vaults:1 | Entered Level 1 of the Vaults
 43866 | Depths:3 | Found a basalt altar of Yredelemnul.
 43867 | Depths:3 | Noticed a caustic shrike
 43867 | Depths:3 | Noticed a caustic shrike
 43880 | Depths:2 | Banished a caustic shrike
 43880 | Depths:2 | Reached skill level 14 in Axes
 43929 | Depths:2 | Received a gift from Okawaru
 44194 | Depths:2 | Found a one-way gate to the infinite horrors of the Abyss.
 44860 | Depths:3 | Found a transporter.
 44862 | Depths:3 | Noticed a caustic shrike
 44865 | Depths:3 | Noticed a tentacled monstrosity
 44898 | Depths:3 | Found a transporter.
 44933 | Depths:3 | Noticed a tentacled monstrosity
 45030 | Depths:3 | Reached skill level 15 in Axes
 45169 | Depths:3 | Killed a tentacled monstrosity
 45609 | Depths:3 | Noticed an iron giant
 45609 | Depths:3 | an iron dragon changed into an iron giant
 45610 | Depths:3 | an iron giant changed into a dire elephant
 45631 | Depths:3 | Noticed a golden dragon
 45631 | Depths:3 | an iron dragon changed into a golden dragon
 45637 | Depths:3 | a golden dragon changed into a frost giant
 45668 | Depths:3 | Found a one-way gate leading to the halls of Pandemonium.
 45986 | Depths:3 | Reached XP level 21. HP: 168/168 MP: 28/28
 47026 | Depths:4 | Reached skill level 16 in Axes
 47094 | Depths:4 | Noticed a golden dragon
 47109 | Depths:4 | Killed a golden dragon
 47109 | Depths:4 | Received a gift from Okawaru
 47681 | Elf:1    | Found Haphag's Food Shoppe.
 48015 | Elf:1    | Identified the Catalogue of Supportive Attacks
 48344 | Elf:1    | Received a gift from Okawaru
 48388 | Elf:2    | Reached skill level 17 in Axes
 48773 | Elf:2    | Found a runed translucent gate.
 48774 | Elf:2    | Found a runed translucent gate.
 48775 | Elf:2    | Found a runed translucent gate.
 50219 | Depths:4 | Identified the +1 ring mail of the Ten Friends {MR+ Dex+3}
                  | (Okawaru gifted it to you on level 4 of the Snake Pit)
 50318 | Depths:4 | Reached skill level 18 in Axes
 50754 | Depths:4 | Noticed Margery
 51880 | Depths:4 | Reached XP level 22. HP: 175/175 MP: 29/29
 51895 | Depths:4 | Banished Margery
 52426 | Elf:3    | Entered Level 3 of the Elven Halls
 52559 | Elf:3    | Received a gift from Okawaru
 52988 | Elf:3    | Reached skill level 19 in Axes
 53318 | Elf:3    | Reached skill level 5 in Crossbows
 53320 | Elf:3    | Identified the ring "Ketemul" {Wiz rF+}
 53333 | Elf:3    | Identified the +7 war axe of the Poles {vamp, Str-3 Int+3
                  | Dex+2}
 53432 | Elf:3    | Identified the +9 hand axe of Ytheviutry {antimagic, rC-
                  | Str+2 Dex+7 SInv} (Okawaru gifted it to you on level 2 of
                  | the Depths)
 53555 | Elf:3    | Identified the ring of Qiczatez {rC+ EV+3 Str+3 Int+7}
 53622 | Elf:2    | Received a gift from Okawaru
 54175 | Elf:3    | Identified the +4 rapier "Detosem" {elec, rPois rN+++ MR-
                  | Int-3}
 54391 | Elf:3    | Identified the Handbook of Protection and Air
 55288 | Lair:1   | Identified the +7 hand axe "Xoskit" {flame, +Fly MR++
                  | Str-4} (Okawaru gifted it to you on level 2 of the Snake
                  | Pit)
 55296 | Lair:1   | Identified the +2 hand axe "Vyqown" {flame, Int-5 Dex-3
                  | SInv Stlth+} (You found it on level 14 of the Dungeon)
 55743 | Vaults:1 | Reached skill level 20 in Axes
 56010 | Vaults:1 | Cast into level 2 of the Abyss (a wizard)
 56189 | Abyss:2  | Noticed an ancient lich
 56213 | Abyss:2  | Killed an ancient lich
 56216 | Abyss:2  | Received a gift from Okawaru
 56356 | Abyss:2  | Reached XP level 23. HP: 114/181 MP: 30/30
 56377 | Vaults:1 | Escaped the Abyss
 56551 | Vaults:1 | Received a gift from Okawaru
 56680 | Vaults:1 | Received a gift from Okawaru
 57758 | Vaults:2 | Noticed Mennas
 57845 | Vaults:1 | Killed Mennas
 59181 | Vaults:2 | Received a gift from Okawaru
 59792 | Vaults:3 | Reached skill level 21 in Axes
 59806 | Vaults:3 | Reached XP level 24. HP: 184/188 MP: 30/30
 59883 | Vaults:3 | Found Ynehich's Gadget Shop.
 59922 | Vaults:3 | Bought a wand of acid (6) for 240 gold pieces
 60692 | Vaults:3 | Received a gift from Okawaru
 61474 | Vaults:4 | Reached skill level 22 in Axes
 62756 | Depths:2 | Killed a caustic shrike
 62893 | Depths:4 | Found a runed translucent door.
 62912 | Depths:4 | Found a runed translucent door.
 62913 | Depths:4 | Found a runed translucent door.
 62913 | Depths:4 | Noticed a golden dragon
 62913 | Depths:4 | Noticed a caustic shrike
 62938 | Depths:4 | Killed a golden dragon
 62965 | Depths:4 | Killed a caustic shrike
 63023 | Depths:4 | Received a gift from Okawaru
 63197 | Depths:4 | Reached skill level 23 in Axes
 63281 | Depths:4 | Noticed a golden dragon
 63313 | Depths:4 | Killed a golden dragon
 63343 | Depths:4 | Reached XP level 25. HP: 183/194 MP: 30/30
 63352 | Depths:4 | Received a gift from Okawaru
 63391 | Depths:4 | Got a polished scale mail {god gift}
 63409 | Depths:4 | Identified the +4 scale mail "Opuiqaes" {Stlth+} (Okawaru
                  | gifted it to you on level 4 of the Depths)
 63448 | Depths:4 | Gained mutation: You are weak. (Str -2) [the power of Zot]
 63448 | Depths:4 | Gained mutation: You are clumsy. (Dex -2) [the power of
                  | Zot]
 63487 | Depths:4 | Noticed a juggernaut
 63513 | Depths:4 | Killed a juggernaut
 63658 | Depths:4 | Identified the +8 halberd of Detim {chop, rF++}
 63923 | Depths:5 | Entered Level 5 of the Depths
 64354 | Depths:5 | Reached skill level 24 in Axes
 64426 | Depths:5 | Found Loheocov's Weapon Emporium.
 64482 | Depths:5 | Found a gateway to a ziggurat.
 64898 | Depths:5 | Got an encrusted plate armour
 64909 | Depths:5 | Identified the +9 plate armour of the Moon {*Corrode Slay+5
                  | SInv} (You found it on level 5 of the Depths)
 65072 | Depths:5 | Received a gift from Okawaru
 65419 | Depths:5 | Found a gate to the Realm of Zot.
 65441 | Depths:5 | Received a gift from Okawaru
 66164 | Shoals:1 | Entered Level 1 of the Shoals
 66316 | Shoals:1 | Received a gift from Okawaru
 66324 | Shoals:1 | Got an ancient broad axe {god gift}
 66327 | Shoals:1 | Identified the +9 broad axe "Gourum" {holy, -Tele rElec
                  | Dex+6} (Okawaru gifted it to you on level 1 of the Shoals)
 66396 | Shoals:1 | Reached skill level 25 in Axes
 66978 | Shoals:2 | Reached XP level 26. HP: 197/201 MP: 30/30
 67172 | Shoals:2 | Reached skill level 1 in Staves
 67676 | Shoals:2 | Noticed Polyphemus
 67698 | Shoals:2 | Reached skill level 5 in Staves
 67710 | Shoals:2 | Killed Polyphemus
 68135 | Shoals:3 | Noticed Jorgrun
 68159 | Shoals:3 | Killed Jorgrun
 68159 | Shoals:3 | Reached skill level 1 in Spellcasting
 68265 | Shoals:3 | Noticed Roxanne
 68285 | Shoals:3 | Killed Roxanne
 68297 | Shoals:3 | Received a gift from Okawaru
 68426 | Shoals:3 | Identified a scroll of acquirement
 68430 | Shoals:3 | Got a smoking long sword
 68431 | Shoals:3 | Identified the +12 long sword of Dominance {antimagic, MR+
                  | Str+4 Int+3 Dex+2} (You found it on level 3 of the Shoals)
 68436 | Shoals:3 | Got a steaming executioner's axe
 68437 | Shoals:3 | Identified the +0 executioner's axe of Inlutej {speed,
                  | rElec rN+} (You acquired it on level 3 of the Shoals)
 68621 | Shoals:4 | Entered Level 4 of the Shoals
 68844 | Shoals:4 | Reached skill level 5 in Spellcasting
 69000 | Shoals:4 | Got a barnacled rune of Zot
 69049 | Shoals:4 | Identified the Disquisition on Ignition and Calling
 69797 | Slime:1  | Entered Level 1 of the Pits of Slime
 70432 | Slime:2  | Noticed Dissolution
 70481 | Slime:1  | HP: 9/201 [Dissolution (13)]
 70483 | Slime:1  | HP: 4/201 [acid (1)]
 70484 | Slime:1  | Blown up by an eye of devastation

Skill      XL: |  1  2  3  4  5  6  7  8  9 10 11 12 13 14 15 16 17 18 19 20 21 22 23 24 25 26 |
---------------+-------------------------------------------------------------------------------+-----
Shields        | 4 5 7 8 9 10 12 13 15 17 18 | 18.0
Axes           | 3 4 6 7 8 12 15 18 20 21 23 25 | 25.1
Armour         | 4 5 6 8 9 10 11 12 13 14 16 17 18 20 22 | 22.2
Fighting       | 4 5 6 7 9 10 11 12 13 14 15 | 15.0
Maces & Flails | 3 8 10 12 13 | 13.1
Invocations    | 1 4 7 8 10 | 10.0
Crossbows      | 1 6 |  6.3
Staves         | 6 |  6.0
Spellcasting   | 7 |  7.9

Action                   |  1- 3 |  4- 6 |  7- 9 | 10-12 | 13-15 | 16-18 | 19-21 | 22-24 | 25-27 || total
-------------------------+-------+-------+-------+-------+-------+-------+-------+-------+-------++-------
Melee: War axe           |   105 |   234 |    59 |       |       |       |       |  1873 |  1558 ||  3829
       Flail             |       |       |   132 |   662 |  1300 |  1601 |  1621 |   173 |       ||  5489
Throw: Stone             |       |     1 |     3 |    18 |       |       |     5 |       |     5 ||    32
Invok: Heroism           |       |       |       |     7 |     7 |     8 |    10 |    15 |    10 ||    57
       Finesse           |       |       |       |       |     3 |       |     2 |     6 |     1 ||    12
 Abil: Dig               |       |       |     2 |    34 |    33 |    23 |    48 |    38 |    20 ||   198
Evoke: Wand              |       |       |       |       |       |    37 |     1 |       |     2 ||    40
  Use: Potion            |     1 |       |       |     2 |     2 |     1 |     3 |     3 |     6 ||    18
       Scroll            |       |     3 |     8 |     3 |    11 |     5 |     4 |    15 |    13 ||    62
 Stab: Petrified         |       |       |       |       |     2 |       |    13 |       |    12 ||    27
       Petrifying        |       |       |       |       |       |       |     2 |       |     3 ||     5
       Distracted        |       |       |       |       |       |       |     1 |       |       ||     1
  Eat: Chunk             |       |     8 |     6 |    24 |    35 |    18 |    39 |    34 |    21 ||   185
       Ration            |       |       |     1 |     3 |     2 |     8 |     3 |     4 |     2 ||    23
Armor: Scale mail        |    20 |       |       |       |       |       |       |       |       ||    20
       Plate armour      |    41 |   115 |    86 |    33 |       |       |       |       |       ||   275
       Chain mail        |       |       |       |    79 |       |       |       |       |       ||    79
       Gold dragon scale |       |       |       |    39 |   543 |   432 |   344 |   465 |   525 ||  2348
Dodge: Dodged            |    19 |    56 |    31 |    80 |   146 |   150 |   273 |   236 |   480 ||  1471
Block: Shield            |    65 |   127 |    94 |   218 |   827 |   461 |       |       |       ||  1792
       Reflection        |       |       |       |       |     4 |   263 |   130 |   168 |   137 ||   702
       Large shield      |       |       |       |       |       |  1006 |  1493 |  1951 |  1883 ||  6333
